 Dungeon Crawl Stone Soup version 0.13-a0-2531-g2ad9301 (webtiles) character file.

76 Kae the Firebug (level 3, 0/19 HPs)
             Began as a Tengu Fire Elementalist on July 26, 2013.
             Slain by a kobold
             ... wielding a +0,+0 short sword
              (2 damage)
             ... on Level 2 of the Dungeon.
             The game lasted 00:03:25 (1410 turns).

Kae the Firebug (Tengu Fire Elementalist)           Turns: 1410, Time: 00:03:26

HP   0/19        AC  2     Str  8      XL: 3   Next: 60%
MP   7/7         EV 12     Int 21      God:
Gold 32          SH  0     Dex 14      Spells:  2 memorised,  2 levels left

Res.Fire  : . . .   See Invis. : .   l - +1,+2 short sword (venom)
Res.Cold  : . . .   Warding    : .   a - +0 robe
Life Prot.: . . .   Conserve   : .   (no shield)
Res.Poison: .       Res.Corr.  : .   (helmet restricted)
Res.Elec. : .       Clarity    : .   (no cloak)
Sust.Abil.: . .     Spirit.Shd : .   (no gloves)
Res.Mut.  : .       Stasis     : .   (boots unavailable)
Res.Rott. : .       Flight     : .   (no amulet)
Saprovore : . . .                    (no ring)
                                     (no ring)

@: brilliant, not resistant to hostile enchantments, fairly stealthy
A: beak, talons 3
a: no special abilities


You were on level 2 of the Dungeon.
You were hungry.

You visited 1 branch of the dungeon, and saw 2 of its levels.

You collected 12 gold pieces.

Inventory:

Hand weapons
 l - a +1,+2 short sword of venom (weapon)
 q - a +2,+2 dagger of holy wrath (quivered)
Armour
 a - a +0 robe (worn)
Comestibles
 c - a bread ration
 o - a chunk of hobgoblin flesh
Scrolls
 d - a scroll of curse jewellery {unknown}
 e - a scroll of identify {unknown}
 g - 4 scrolls of remove curse {unknown}
 h - 3 scrolls of random uselessness {unknown}
 k - a scroll of teleportation {unknown}
 n - a scroll of noise {unknown}
Jewellery
 i - an uncursed amulet of warding {unknown}
 p - a cursed ring of teleportation {unknown}
Potions
 f - a potion of restore abilities {unknown}
 j - a potion of brilliance
 m - a potion of invisibility {unknown}
Books
 b - a book of Flames

   Spells                             Type                      Level
   *Flame Tongue                      Conjuration/Fire             1
   *Throw Flame                       Conjuration/Fire             2
   Conjure Flame                      Conjuration/Fire             3
   Inner Flame                        Hexes/Fire                   3
   Sticky Flame                       Conjuration/Fire             4
   Fireball                           Conjuration/Fire             5


   Skills:
 - Level 2.1 Dodging
 - Level 2.0 Stealth
 + Level 1.9 Spellcasting
 * Level 2.8 Conjurations
 + Level 3.8 Fire Magic


You had 2 spell levels left.
You knew the following spells:

 Your Spells              Type           Power        Failure   Level  Hunger
a - Flame Tongue          Conj/Fire      ####.        1%          1    #......
b - Throw Flame           Conj/Fire      ####..       1%          2    ##.....


Dungeon Overview and Level Annotations

Branches:
Dungeon (2/27)

Altars:
Ashenzari


Innate Abilities, Weirdness & Mutations

You have a beak for a mouth.
You have claws for feet.


Message History

You hit the jackal.
You kill the jackal!
The jackal bites you but does no damage.
The jackal barely misses you.
You hit the jackal but do no damage.
The jackal is poisoned.
Your kick misses the jackal. Your peck misses the jackal.
The jackal bites you but does no damage.
The jackal misses you.
You hit the jackal.
The jackal looks even sicker.
The jackal is moderately wounded.
The jackal bites you but does no damage.
The jackal bites you. The jackal closely misses you. The jackal bites you.
The kobold hits you with a short sword.
You hit the kobold but do no damage. Your peck misses the kobold.
The jackal bites you. The kobold hits you with a short sword.
* * * LOW HITPOINT WARNING * * *
Drink which item? (? for menu, Esc to quit)
You feel more clever all of a sudden.
It was a potion of brilliance.
The kobold hits you with a short sword.
You die...

#.................###
........._..........#
#.................#.#
###################.#
##........wws#.ys##.###
.#..#.#....sssw#.#...(#
##$#....#.#sys##.#..#.#
#################..#.#
#..hhh@...#.#
#....s##K###.# .......
#.# #.# ##..... #.# #.#
...#### ... #(# . ...
#.# #...# #...# ...


You could see 3 jackals, a giant cockroach and a kobold.

Vanquished Creatures
  A giant mite (D:1)
  A giant gecko (D:1)
  An ooze (D:2)
  6 bats (D:1)
  A giant cockroach (D:1)
  2 goblins (D:1)
  6 hobgoblins (D:1)
  A jackal (D:2)
  2 ball pythons (D:1)
  3 giant newts (D:1)
  6 kobolds
  3 rats (D:1)
33 creatures vanquished.

Notes
Turn   | Place    | Note
--------------------------------------------------------------
     0 | D:1      | Kae, the Tengu Fire Elementalist, began the quest for the Orb.
     0 | D:1      | Reached XP level 1. HP: 10/10 MP: 3/3
   358 | D:1      | Reached XP level 2. HP: 13/15 MP: 3/5
   396 | D:1      | Learned a level 2 spell: Throw Flame
   862 | D:1      | Reached XP level 3. HP: 17/19 MP: 7/7
  1368 | D:2      | Found a shattered altar of Ashenzari.
  1373 | D:2      | Saw a vision of the Swamp and the Spider Nest.
  1373 | D:2      | Noticed a swamp drake
  1373 | D:2      | Noticed a raven
  1373 | D:2      | Noticed an alligator
  1373 | D:2      | Noticed a baby alligator
  1373 | D:2      | Noticed a yellow wasp
  1373 | D:2      | Noticed a redback
  1373 | D:2      | Noticed a redback
  1373 | D:2      | Noticed a yellow wasp
  1373 | D:2      | Noticed a redback
  1375 | D:2      | Noticed a giant amoeba
  1376 | D:2      | Noticed a baby alligator
  1376 | D:2      | Noticed a redback
  1377 | D:2      | Noticed a redback
  1410 | D:2      | Slain by a kobold

Action                   || total
-------------------------++-------
Melee: Unarmed           ||    22
       Dagger            ||    19
       Short sword       ||    15
 Cast: Flame Tongue      ||    45
       Throw Flame       ||     1
  Use: Potion            ||     1
 Stab: Sleeping          ||     1
